 Dungeon Crawl Stone Soup version 0.18.1-50-g88ac8fd (webtiles) character file.

95 Gianozzolo the Changer (level 4, -2/38 HPs)
             Began as a Naga Transmuter on Nov 13, 2017.
             Slain by a hound (3 damage)
             ... on level 2 of the Dungeon.
             The game lasted 00:03:24 (1994 turns).

Gianozzolo the Changer (Naga Transmuter)            Turns: 1994, Time: 00:03:24

Health: -2/38      AC:  2    Str: 12    XL:     4   Next: 66%
Magic:  2/7        EV: 10    Int: 14    God:
Gold:   96         SH:  0    Dex: 12    Spells: 2 memorised, 3 levels left

rFire  . . .     SeeInvis +       - Unarmed
rCold  . . .     Gourm    .     b - +0 robe
rNeg   . . .     Faith    .     (no shield)
rPois  +         Spirit   .     (no helmet)
rElec  .         Dismiss  .     (no cloak)
rCorr  .         Reflect  .     (no gloves)
SustAt .         Harm     .     (no barding)
MR     .....                    (no amulet)
Stlth  +.........               (no ring)
                                (no ring)

@: short of breath, very slightly contaminated, drained, very slow, not
resistant to hostile enchantments, very unstealthy
A: see invisible, deformed body, poison resistance, slowness 2, slow metabolism
1, spit poison 2, AC +1
a: Spit Poison


You were on level 2 of the Dungeon.
You were hungry.

You visited 1 branch of the dungeon, and saw 2 of its levels.

You collected 96 gold pieces.

Inventory:

Missiles
 a - 21 arrows
Armour
 b - a +0 robe (worn)
Scrolls
 e - 2 scrolls of recharging {unknown}
 h - a scroll of magic mapping {unknown}
 i - a scroll of identify {unknown}
 j - 2 scrolls of fog {unknown}
 l - 2 scrolls of enchant weapon {unknown}
 m - a scroll of enchant armour {unknown}
Potions
 k - 2 potions of degeneration {unknown}
 o - a potion of invisibility {unknown}
 p - 2 potions of magic {unknown}
 r - a potion of ambrosia {unknown}
Books
 c - a book of Changes

   Spells                             Type                      Level
   a - Beastly Appendage              Transmutation                1
   b - Sticks to Snakes               Transmutation                2
   c - Spider Form                    Transmutation/Poison         3
   d - Ice Form                       Ice/Transmutation            4
   e - Blade Hands                    Transmutation                5
Comestibles
 d - 3 bread rations
 f - a meat ration
 g - a slice of pizza
 n - 4 fruits


   Skills:
 - Level 1.0(0.9) Fighting
 - Level 1.5 Dodging
 + Level 3.5(3.4) Unarmed Combat
 - Level 2.0(1.9) Spellcasting
 * Level 4.0(3.9) Transmutations
 + Level 1.6 Poison Magic


You had 3 spell levels left.
You knew the following spells:

 Your Spells              Type           Power        Failure   Level  Hunger
a - Beastly Appendage     Trmt           ##....       6%          1    ##.....
b - Spider Form           Trmt/Pois      #.........   24%         3    ####...


Dungeon Overview and Level Annotations

Branches:
Dungeon (2/15)

Altars:
Ashenzari


Innate Abilities, Weirdness & Mutations

You cannot wear boots.
Your serpentine skin is tough (AC +1).
You have supernaturally acute eyesight.
Armour fits poorly on your strangely shaped body.
Your system is resistant to poisons.
You cover ground very slowly.
You have a slow metabolism.
You can spit poison.


Message History

The hound closely misses you.
You miss the hound.
The hound is severely wounded.
The hound bites you.
* * * LOW HITPOINT WARNING * * *
You hit the hound.
The hound is severely wounded.
You have got your breath back.
The hound closely misses you. x2
You hit the hound but do no damage.
The hound is severely wounded.
The hound bites you.
* * * LOW HITPOINT WARNING * * *
Press: ? - help, Shift-Dir - straight line, f/p - hound
Aim: a hound (severely wounded)
The splash of poison misses the hound.
The splash of poison hits the hound.
The hound looks even sicker.
The hound is almost dead.
You feel slightly more hungry. The hound bites you.
You die...

.# #..# #.# #.###.########
.####..## #.# #.# #.#
........# #.# ###.###.#
......(.###.#####.......##
#####.#(##.................#
#......#####....##..##>#
###.##.#.. #..####..# #
#.##.#..g#P.####..#...#####
#.##.#..hh@.............^..
#.##.#+#+#P.##.####....####
#######.##.# #..##.# #.
........##.# ###..##.#
######.....# #..####.# #
#.##### #.......# # #.#
###.###.# ## # #.# #.# ###
#. # #.# #.# ##


You could see 2 hounds and a gnoll.

Vanquished Creatures
  Ijyb (D:2)
  3 adders (D:2)
  A dart slug (D:1)
  4 giant geckos
  5 bats
  3 giant cockroaches (D:1)
  4 goblins
  3 hobgoblins
  2 jackals (D:1)
  A ball python (D:2)
  2 giant newts (D:1)
  4 kobolds
  4 rats
37 creatures vanquished.

Notes
Turn   | Place    | Note
--------------------------------------------------------------
     0 | D:1      | Gianozzolo the Naga Transmuter began the quest for the Orb.
     0 | D:1      | Reached XP level 1. HP: 18/18 MP: 3/3
   264 | D:1      | Reached XP level 2. HP: 22/25 MP: 5/5
   496 | D:1      | Reached skill level 3 in Transmutations
   620 | D:1      | Reached XP level 3. HP: 19/31 MP: 6/6
   628 | D:1      | Learned a level 3 spell: Spider Form
  1138 | D:2      | Reached skill level 1 in Poison Magic
  1370 | D:2      | Noticed Ijyb
  1384 | D:2      | Killed Ijyb
  1384 | D:2      | Reached XP level 4. HP: 32/38 MP: 1/7
  1579 | D:2      | Found a shattered altar of Ashenzari.
  1608 | D:2      | Reached skill level 4 in Transmutations
  1993 | D:2      | HP: 1/38 [hound (6)]
  1994 | D:2      | Slain by a hound

Skill      XL: |  1  2  3  4 |
---------------+-------------+-----
Transmutations | 3 4 |  4.0
Poison Magic   | 1 |  1.6
Fighting       | |  1.0
Dodging        | |  1.5
Unarmed Combat | |  3.5
Spellcasting   | |  2.0

Action                   |  1- 3 |  4- 6 || total
-------------------------+-------+-------++-------
Melee: Unarmed           |    87 |    63 ||   150
       Headbutt          |     3 |     4 ||     7
       Punch             |     1 |       ||     1
 Cast: Beastly Appendage |    13 |     4 ||    17
       Spider Form       |     1 |     1 ||     2
 Abil: Spit Poison       |     7 |     7 ||    14
  Eat: Chunk             |     1 |     3 ||     4
Armor: Robe              |    17 |    28 ||    45
       Skin              |     1 |       ||     1
Dodge: Dodged            |    50 |    49 ||    99
